 Dungeon Crawl Stone Soup version 0.30-a0-341-g682706514a (webtiles) character file.

Game seed: 3536771965877549837

301 NinjaNoafa the Ducker (level 6, -1/47 HPs)
             Began as a Merfolk Gladiator on Nov 3, 2022.
             Slain by Grinder (5 damage)
             ... on level 4 of the Dungeon.
             The game lasted 00:06:45 (3011 turns).

NinjaNoafa the Ducker (Merfolk Gladiator)           Turns: 3011, Time: 00:06:46

Health: -1/47      AC:  5    Str: 13    XL:     6   Next: 37%
Magic:  5/5        EV: 17    Int:  6    God:
Gold:   112        SH:  0    Dex: 24    Spells: 5/5 levels left

rFire   x . .      SeeInvis .    a - +0 rapier
rCold   + . .      Faith    .    (no shield)
rNeg    . . .      Spirit   .    b - +0 leather armour
rPois   .          Reflect  .    c - +1 helmet
rElec   .          Harm     .    (no cloak)
rCorr   .          Rampage  .    (no gloves)
Will    .....                    (no boots)
Stlth   +++.......               (no amulet)
HPRegen 0.27/turn                f - ring of ice
MPRegen 0.09/turn                (no ring)

@: about to teleport
A: (nimble swimmer 2), mertail, thin skeletal structure 1, agile 1, low MP 1
a: no special abilities


You were on level 4 of the Dungeon.
You visited 1 branch of the dungeon, and saw 4 of its levels.

You collected 112 gold pieces.

Inventory:

Hand Weapons
 a - a +0 rapier (weapon)
Missiles
 d - 3 throwing nets
 h - 10 stones
 j - 5 poisoned darts
 o - a javelin (quivered)
Armour
 b - a +0 leather armour (worn)
 c - a +1 helmet (worn)
Jewellery
 f - a ring of ice (left hand)
Potions
 e - a potion of mutation
 i - a potion of brilliance
 k - a potion of attraction


   Skills:
 - Level 3.0 Fighting
 * Level 5.7 Short Blades
 - Level 2.0 Throwing
 + Level 7.3 Dodging


You had 5 spell levels left.
You didn't know any spells.
Your spell library was empty.

Dungeon Overview and Level Annotations

Branches:
Dungeon (4/15)
 Temple: D:4-7

Altars:

Annotations:
D:4 Dowan, Duvessa, Grinder


Innate Abilities, Weirdness & Mutations

((You are very nimble when in or above water. (Stealth+, EV+, Speed+++)))
Your lower body shifts to a powerful aquatic tail in water.
You have a somewhat thin skeletal structure. (Dex +2, Stealth+)
You are agile. (Dex +4, Str/Int -1)
Your magical capacity is low. (-10% MP)


Message History

You see here a +0 short sword.
Grinder hits you but does no damage.
You barely miss Grinder.
Grinder is lightly wounded.
Grinder misses you.
You hit Grinder but do no damage.
Grinder is lightly wounded.
You puncture Grinder!
Grinder is heavily wounded.
Grinder completely misses you.
You hit Grinder.
Grinder is heavily wounded.
Grinder gestures at you.
You suddenly lose the ability to move!
Grinder gestures at you. Pain shoots through your body!
Grinder gestures at you. Pain shoots through your body!
You can move again.
You hit Grinder but do no damage.
Grinder is heavily wounded.
Grinder hits you!
You hit Grinder.
Grinder is heavily wounded.
Grinder hits you!
* * * LOW HITPOINT WARNING * * *
You writhe in agony.
* * * LOW HITPOINT WARNING * * *
You hit Grinder.
Grinder is severely wounded.
Grinder drinks a potion.
Grinder is healed!
Unknown command.
Okay, then.
Grinder attacks as you move away! Grinder hits you.
* * * LOW HITPOINT WARNING * * *
As you read the scroll of teleportation, it crumbles to dust.
You feel strangely unstable. Grinder hits you.
* * * LOW HITPOINT WARNING * * *
You writhe in agony.
You die...

##### ##...##
####..$..###
#..#.....#.#
#..##...##.# #
#...#$..#..#####.#
#..........#.....#
##...5....†.+.....#
+..).@....†.#.....#
#...........<..#
#..............#
#.##+#.........# #.
#.####....# #. #.#
#....# # #.# #..(.#
.# .....# ##...#


You could see Grinder.

Vanquished Creatures
  A hound (D:4)
  Robin (D:3)
  4 adders
  A worm (D:2)
  2 dart slugs
  2 orcs
  5 bats
  4 endoplasms
  5 giant cockroaches
  10 goblins
  7 hobgoblins
  4 jackals (D:1)
  4 kobolds
  A quokka (D:1)
  5 ball pythons
  2 frilled lizards
  2 rats (D:2)
60 creatures vanquished.

Vanquished Creatures (collateral kills)
  Sigmund (D:3)
1 creature vanquished.

Grand Total: 61 creatures vanquished

Notes
Turn   | Place    | Note
-------+----------+-------------------------------------------
     0 | D:1      | NinjaNoafa the Merfolk Gladiator began the quest for the
                  | Orb.
     0 | D:1      | Reached XP level 1. HP: 16/16 MP: 1/1
   150 | D:1      | Reached XP level 2. HP: 14/22 MP: 2/2
   531 | D:1      | Found a faded altar of an unknown god.
   788 | D:1      | Reached skill level 5 in Short Blades
   788 | D:1      | Reached XP level 3. HP: 27/27 MP: 3/3
  1284 | D:2      | Reached skill level 5 in Dodging
  1284 | D:2      | Reached XP level 4. HP: 33/33 MP: 4/4
  1698 | D:3      | Noticed Sigmund
  2110 | D:3      | Killed Sigmund
  2111 | D:3      | Reached skill level 7 in Dodging
  2111 | D:3      | Reached XP level 5. HP: 41/41 MP: 5/5
  2111 | D:3      | Reached XP level 6. HP: 47/47 MP: 6/6
  2190 | D:3      | Noticed Robin
  2206 | D:3      | Killed Robin
  2361 | D:3      | Identified the +0 robe of the Divine God {rC+++ Dex-3}
  2834 | D:4      | Noticed Dowan
  2835 | D:4      | Noticed Duvessa
  2843 | D:4      | Gained mutation: Your magical capacity is low. (-10% MP)
                  | [potion of mutation]
  2843 | D:4      | Gained mutation: You have a somewhat thin skeletal
                  | structure. (Dex +2, Stealth+) [potion of mutation]
  2843 | D:4      | Gained mutation: You are agile. (Dex +4, Str/Int -1)
                  | [potion of mutation]
  2984 | D:4      | Noticed Grinder
  2990 | D:4      | Paralysed by Grinder for 4 turns
  3004 | D:4      | Paralysed by Grinder for 2 turns
  3011 | D:4      | Slain by Grinder

Illustrated notes

Levels and vault maps discovered:
D:1:      nzn_arrival_depleted_hourglass, layout_basic,
          shapermc_ecumenical_altar_starsandcircs,
          nicolae_concentric_dashed_squares_wild
D:2:      layout_basic
D:3:      layout_loops_cross, uniq_robin, uniq_sigmund
D:4:      layout_basic, grunt_qazlal_sundering,
          eino_small_chamber_without_monster, uniq_grinder, uniq_ijyb,
          uniq_duvessa

Skill      XL: |  1  2  3  4 |
---------------+-------------+-----
Short Blades   | 4 5 |  5.7
Dodging        | 5 7 |  7.3
Fighting       | 3 |  3.0
Throwing       | |  2.0

Action                   |  1- 3 |  4- 6 || total
-------------------------+-------+-------++-------
Melee: Rapier            |    91 |    82 ||   173
       Punch             |     1 |       ||     1
Throw: Javelin           |     9 |       ||     9
       Throwing net      |     1 |       ||     1
  Use: Potion            |     1 |     4 ||     5
       Scroll            |       |    12 ||    12
 Stab: Sleeping          |     2 |     2 ||     4
Armor: Leather armour    |    20 |    20 ||    40
Dodge: Dodged            |    89 |   104 ||   193

Table legend: (Time is in decaauts)
 A = Elapsed time spent in this place.
 B = Non-inter-level travel time spent in this place.
 C = Inter-level travel time spent in this place.
 D = Time resting spent in this place.
 E = Time spent auto-exploring this place.
 F = Levels seen in this place.
 G = Mean time per level.
                   A        B        C        D        E       F      G
               +--------+--------+--------+--------+--------+-----+--------+
         Total |   3007 |   2835 |    172 |      0 |   2279 |   4 |  751.8 |
       Dungeon |   3007 |   2835 |    172 |      0 |   2279 |   4 |  751.8 |
               +--------+--------+--------+--------+--------+-----+--------+

Top non-repeatable levels by time:
     D:2: 1042 daAuts
     D:3: 978 daAuts
     D:1: 892 daAuts
     D:4: 94 daAuts
